 Dungeon Crawl Stone Soup version 0.30.1-4-g462c640d31 (webtiles) character file.

Game seed: 4444757329939810861

18941 Arctor the Martial Artist (level 12, -1/120 HPs)
             Began as a Yellow Draconian Transmuter on Sept 7, 2023.
             Was an Elder of Sif Muna.
             Slain by a vampire
             ... wielding a +0 broad axe
              (9 damage)
             ... on level 11 of the Dungeon.
             The game lasted 00:31:16 (16016 turns).

Arctor the Martial Artist (DrTm)                   Turns: 16016, Time: 00:31:17

Health: -1/120     AC:  7    Str: 13    XL:     12   Next: 32%
Magic:  24/24      EV: 18    Int: 17    God:    Sif Muna [****..]
Gold:   515        SH:  0    Dex: 13    Spells: 11/27 levels left

rFire   x . .        b - melded +4 long sword of the Mushroom {vamp, rN+++ MP+9 Str-2 Stlth+}
rCold   + + +        (shield currently unavailable)
rNeg    . . .        (body armour unavailable)
rPois   +            (helmet currently unavailable)
rElec   .            (cloak currently unavailable)
rCorr   .            (gloves currently unavailable)
SInv    .            (boots currently unavailable)
Will    +....        t - amulet of regeneration
Stlth   +            i - ring of willpower
HPRegen 1.20/turn    r - +5 ring of evasion
MPRegen 0.19/turn

%: no passive effects
@: ice-form
A: freezing attack, amphibious, boosted hp, (spit acid), AC +8, large, unfitting
armour, (cold-blooded), (acid resistance)
a: End Transformation, Renounce Religion, Channel Magic, Forget Spell, Divine
Exegesis


You were on level 11 of the Dungeon.
You worshipped Sif Muna.
Sif Muna was greatly pleased with you.
You were a creature of crystalline ice.
You visited 3 branches of the dungeon, and saw 13 of its levels.
You also visited: Sewer and Bailey.

You collected 765 gold pieces.
You spent 250 gold pieces at shops.

Inventory:

Hand Weapons
 a - the +3 sling of the New World {elec, rC+ rCorr}
   (You bought it in a shop on level 3 of the Dungeon)

   rC:        It protects you from cold.
   rCorr:     It protects you from acid and corrosion.
 b - the +4 long sword of the Mushroom (melded) {vamp, rN+++ MP+9 Str-2 Stlth+}
   (You took it off an orc wizard on level 7 of the Dungeon)

   Str:       It affects your strength (-2).
   rN:        It renders you almost immune to negative energy.
   MP:        It affects your magic capacity (+9).
   Stlth:     It makes you more stealthy.
 q - a +0 antimagic spear
 I - a +0 demon whip of venom
Missiles
 s - 2 silver javelins
Armour
 A - an orb of wrath
 L - a +0 cloak
Jewellery
 i - a ring of willpower (left front paw)
 r - a +5 ring of evasion (right front paw)
 t - an amulet of regeneration (around neck)
 y - a ring of magical power
Wands
 d - a wand of roots (14)
 k - a wand of acid (11)
 v - a wand of charming (10)
 H - a wand of polymorph (10)
 K - a wand of digging (6)
Scrolls
 e - 5 scrolls of enchant armour
 f - a scroll of silence
 h - 6 scrolls of teleportation
 l - 2 scrolls of blinking
 o - 2 scrolls of poison
 w - 4 scrolls of fog
 x - a scroll of vulnerability
 J - a scroll of amnesia
 M - a scroll of enchant weapon {unknown}
 N - a scroll of magic mapping {unknown}
 P - 2 scrolls of identify
Potions
 c - 3 potions of magic
 g - a potion of cancellation
 j - 3 potions of curing
 m - 3 potions of attraction
 n - a potion of degeneration
 p - 2 potions of haste
 z - 2 potions of lignification
 B - 2 potions of heal wounds
 C - 3 potions of might
 D - 2 potions of brilliance {unknown}
 E - a potion of mutation {unknown}
 F - a potion of invisibility
 G - a potion of resistance
Miscellaneous
 u - a lightning rod (4/4)
 O - a phial of floods


   Skills:
 - Level 7.0 Fighting
 - Level 2.8 Ranged Weapons
 + Level 8.3 Dodging
 + Level 9.4 Unarmed Combat
 + Level 8.4 Spellcasting
 + Level 3.4 Conjurations
 + Level 9.1 Transmutations
 - Level 4.7 Fire Magic
 + Level 4.6 Evocations


You had 11 spell levels left.
You knew the following spells:

 Your Spells              Type           Power      Damage    Failure   Level
a - Beastly Appendage     Tmut           76%        N/A       1%          1
b - Spider Form           Tmut/Pois      22%        N/A       4%          3
c - Ice Form              Ice/Tmut       22%        N/A       16%         4
d - Ignite Poison         Fire/Tmut/Pois 23%        N/A       4%          3
e - Freezing Cloud        Conj/Ice/Air   5%         6-21      86%         5

Your spell library contained the following spells:

 Spells                   Type           Power      Damage    Failure   Level
 Foxfire                  Conj/Fire      84%        2x1d8     1%          1
 Wereblood                Tmut           38%        N/A       1%          2
 Passwall                 Tmut/Erth      18%        N/A       2%          2
 Sandblast                Erth           14%        2d6       10%         1
 Stone Arrow              Conj/Erth      26%        3d8       14%         3
 Cigotuvi's Dreadful Rot  Necr/Pois/Air  14%        N/A       16%         2
 Ensorcelled Hibernation  Hex/Ice        14%        N/A       16%         2
 Fireball                 Conj/Fire      10%        3d6       45%         5
 Iskenderun's Battlesphe  Conj           19%        2d7       54%         5
 Anguish                  Hex/Necr       3%         N/A       69%         4
 Summon Forest            Summ/Tloc      3%         N/A       95%         5
 Summon Mana Viper        Hex/Summ       7%         N/A       95%         5
 Conjure Ball Lightning   Conj/Air       6%         3x3d6     100%        6
 Iron Shot                Conj/Erth      6%         9d2       100%        6
 Simulacrum               Ice/Necr       3%         N/A       100%        6
 Orb of Destruction       Conj           9%         9d6       100%        7
 Ozocubu's Refrigeration  Ice            3%         4d8       100%        7
 Spellforged Servitor     Conj/Summ      6%         N/A       100%        7
 Dragon's Call            Summ           3%         N/A       100%        9
 Polar Vortex             Ice            3%         N/A       100%        9


Dungeon Overview and Level Annotations

Branches:
Dungeon (11/15)            Temple (1/1) D:5            Lair (1/5) D:8
    Orc (0/2) D:9           Sewer (visited)          Bailey (visited)

Altars:
Ashenzari
Cheibriados
Dithmenos
Elyvilon
Fedhas
Gozag
Hepliaklqana
Kikubaaqudgha
Makhleb
Nemelex Xobeh
Okawaru
Qazlal
Ru
Sif Muna
Trog
Uskayaw
Vehumet
Wu Jian
Xom
Yredelemnul
Zin
The Shining One

Shops:
D:1 :   D:3 (   D:4 ?   D:9 [

Annotations:
D:2 Terence


Innate Abilities, Weirdness & Mutations

You are a creature of crystalline ice.
You have a powerful freezing melee attack.
You are amphibious.
Your maximum health is increased.
Your armour is entirely melded.
You are incapable of wielding weapons or throwing items.
((You can spit globs of acid.))
((Your golden yellow scales are hard. (AC +8)))
You cannot fit into any form of body armour.
((You are cold-blooded and may be slowed by cold attacks.))
((You are resistant to acid. (rCorr)))


Message History

You hear an angry hiss.
You pummel the wraith!! You freeze the wraith.
You destroy the wraith!
Sif Muna accepts your kill.
The howler monkey hits you but does no damage.
You pummel the howler monkey!! You freeze the howler monkey!
You kill the howler monkey!
Sif Muna accepts your kill.
No target in view!
No target in view!
No target in view!
Something hits you! Something bites you but does no damage.
No target in view!
Something hits you. Something bites you but does no damage.
Magic restored.
Something hits you! Something bites you!
Something draws strength from your injuries!
No target in view!
Something barely misses you. Something bites you but does no damage.
No target in view!
Something completely misses you. Something bites you but does no damage.
No target in view!
There is an open door here.
You hit something. You punch something! You freeze something.
Something hits you! Something bites you!
Something draws strength from your injuries!
You punch something! You freeze something.
Something draws life force from you!!
You closely miss something. Something hits you! Something bites you.
Something draws strength from your injuries!
You hit something. You freeze something. Something hits you!
* * * LOW HITPOINT WARNING * * *
Something bites you.
* * * LOW HITPOINT WARNING * * *
Something draws strength from your injuries!
You hit something but do no damage. You closely miss something.
Something hits you!!
* * * LOW HITPOINT WARNING * * *
Something bites you!
You die...

.... ....######
.........+
.........#######
................
......†.........
......††........
############{##....
#.#...........Y.# .
#.#.............#
###.#.............#
....#......>......#
....#.###.........#
....###.#'#########
.................
.................
..#+###..........


There were no monsters in sight!

Vanquished Creatures
  2 two-headed ogres (D:9)
  A boulder beetle (D:7)
  A death yak (D:8)
  Amaemon (D:8)
  A black mamba (Lair:1)
  An orange demon (D:8)
  Maggie (D:6)
  2 cane toads (Lair:1)
  An unseen horror (D:10)
  A komodo dragon (Lair:1)
  2 trolls
  A hornet (D:9)
  3 blink frogs (Lair:1)
  Grinder (D:6)
  7 dream sheep (Lair:1)
  Sigmund (D:6)
  A shadow (D:7)
  A slime creature (D:7)
  A wraith (D:11)
  2 wyverns
  19 yaks
  Eustachio (D:6)
  2 basilisks (D:8)
  2 vampire mosquitoes (D:7)
  4 steam dragons
  Menkaure (D:6)
  2 acid dragons
  3 water moccasins
  4 orc warriors
  A sky beast (D:7)
  3 ice beasts
  4 wolves (Lair:1)
  11 centaurs
  2 phantoms
  2 kobold brigands
  2 gnoll sergeants
  11 bullfrogs
  4 scorpions
  23 killer bees
  6 howler monkeys
  7 hounds
  3 jellies
  4 orc priests
  2 gnoll boudas
  7 iguanas
  An iron imp (D:8)
  2 sleepcaps
  7 orc wizards
  38 gnolls
  9 adders
  A shadow imp (D:6)
  A white imp (D:6)
  2 ufetubi (D:7)
  2 worms
  53 orcs
  10 ball pythons
  5 endoplasms
  6 giant cockroaches
  7 goblins
  6 hobgoblins
  4 jackals
  13 quokkas
  2 bats (D:2)
  12 frilled lizards
  21 kobolds
  7 rats
371 creatures vanquished.

Vanquished Creatures (others)
  2 orcs
2 creatures vanquished.

Grand Total: 373 creatures vanquished

Notes
Turn   | Place    | Note
-------+----------+-------------------------------------------
     0 | D:1      | Arctor the Draconian Transmuter began the quest for the
                  | Orb.
     0 | D:1      | Reached XP level 1. HP: 16/16 MP: 3/3
   248 | D:1      | Found a faded altar of an unknown god.
   368 | D:1      | Found Saajianno's Book Shop.
   429 | D:1      | Reached XP level 2. HP: 23/23 MP: 1/5
  1611 | D:2      | Reached XP level 3. HP: 24/29 MP: 2/6
  1965 | D:2      | Noticed Terence
  1984 | D:3      | Found Qanemuth's Antique Weapon Shop.
  1986 | D:3      | Reached XP level 4. HP: 12/36 MP: 4/7
  2222 | D:3      | Found a basalt altar of Yredelemnul.
  3059 | D:4      | Found Pyxzeina's Magic Scroll Boutique.
  3102 | D:4      | Found a white marble altar of Elyvilon.
  3240 | D:4      | Reached XP level 5. HP: 25/42 MP: 1/9
  3597 | D:4      | Learned a level 3 spell: Spider Form
  3623 | D:4      | Reached XP level 6. HP: 24/51 MP: 1/10
  4020 | D:4      | Found a burning altar of Makhleb.
  4144 | D:5      | Entered Level 5 of the Dungeon
  4222 | D:5      | Noticed an ice beast
  4264 | D:5      | Killed an ice beast
  4492 | D:5      | Noticed a water moccasin
  4500 | D:5      | Killed a water moccasin
  4501 | D:5      | Your scales start taking on a golden yellow colour.
  4501 | D:5      | Reached XP level 7. HP: 47/57 MP: 3/12
  4501 | D:5      | Gained mutation: You are resistant to acid. (rCorr) [Yellow
                  | Draconian growth]
  4684 | D:5      | Found a glowing drain.
  4721 | Sewer    | Entered a sewer
  5130 | Sewer    | Reached skill level 5 in Unarmed Combat
  5472 | D:6      | Noticed Eustachio
  5486 | D:6      | Reached XP level 8. HP: 37/67 MP: 11/14
  5615 | D:6      | Noticed Sigmund
  5625 | D:6      | Killed Sigmund
  5792 | D:6      | Killed Eustachio
  5793 | D:6      | Reached skill level 5 in Transmutations
  5937 | D:6      | Noticed Menkaure
  5950 | D:6      | Killed Menkaure
  5951 | D:6      | Reached skill level 5 in Fighting
  6237 | D:6      | Found an opulent altar of Gozag.
  6312 | D:6      | Reached skill level 5 in Spellcasting
  6531 | D:6      | Noticed Maggie
  6535 | D:6      | Noticed Grinder
  6550 | D:6      | Killed Maggie
  6551 | D:6      | Reached skill level 5 in Dodging
  6551 | D:6      | Reached XP level 9. HP: 75/75 MP: 14/16
  6556 | D:6      | Killed Grinder
  6606 | D:6      | Noticed a troll
  6613 | D:6      | Killed a troll
  6906 | D:7      | Found a stormy altar of Qazlal.
  6934 | D:7      | Found a radiant altar of Vehumet.
  7069 | D:7      | Reached skill level 1 in Evocations
  7099 | D:7      | Learned a level 4 spell: Ice Form
  7384 | D:7      | Reached XP level 10. HP: 72/84 MP: 16/19
  7837 | D:5      | Found a staircase to the Ecumenical Temple.
  8232 | D:3      | Bought a faintly glowing sling for 201 gold pieces
  8232 | D:3      | Identified the +3 sling of the New World {elec, rC+ rCorr}
                  | (You bought it in a shop on level 3 of the Dungeon)
  8360 | Temple   | Entered the Ecumenical Temple
  8376 | Temple   | Became a worshipper of Sif Muna the Loreminder
  8394 | D:5      | Learned a level 3 spell: Ignite Poison
  8400 | D:5      | Learned a level 5 spell: Freezing Cloud
  8591 | D:7      | Reached skill level 1 in Fire Magic
  8646 | D:7      | Reached skill level 1 in Ranged Weapons
  8681 | D:7      | Found a snail-covered altar of Cheibriados.
  8681 | D:7      | Noticed a boulder beetle
  8754 | D:7      | Killed a boulder beetle
  9001 | D:7      | Got the Teachings on the Burning Flock
  9060 | D:7      | Reached * piety under Sif Muna
  9198 | D:7      | Found a glowing silver altar of Zin.
  9294 | D:7      | Found a bloodstained altar of Trog.
  9295 | D:7      | Found a snail-covered altar of Cheibriados.
  9296 | D:7      | Found a stormy altar of Qazlal.
  9362 | D:7      | Found a sacrificial altar of Ru.
  9701 | D:8      | Noticed a death yak
  9746 | D:8      | Killed a death yak
  9861 | D:8      | Found a flagged portal.
  9892 | Bailey   | Entered a bailey
 10069 | Bailey   | Reached ** piety under Sif Muna
 10458 | D:8      | Reached XP level 11. HP: 84/84 MP: 16/21
 10545 | D:8      | Found a snail-covered altar of Cheibriados.
 10621 | D:8      | Found a sparkling altar of Nemelex Xobeh.
 10714 | D:8      | Found a staircase to the Lair.
 10724 | D:8      | Noticed Amaemon
 10741 | D:8      | Killed Amaemon
 10850 | D:7      | Identified the +4 long sword of the Mushroom {vamp, rN+++
                  | MP+9 Str-2 Stlth+}
 11456 | D:9      | Found Hosel's Armour Shop.
 11680 | D:9      | Noticed a two-headed ogre
 11689 | D:9      | Killed a two-headed ogre
 11784 | D:9      | Bought a +0 cloak for 49 gold pieces
 11952 | D:9      | Reached *** piety under Sif Muna
 12055 | D:9      | Found a staircase to the Orcish Mines.
 12474 | D:9      | Noticed a two-headed ogre
 12485 | D:9      | Killed a two-headed ogre
 12854 | D:10     | Entered Level 10 of the Dungeon
 13542 | D:10     | Found an ancient bone altar of Kikubaaqudgha.
 13562 | D:10     | Reached **** piety under Sif Muna
 13779 | D:10     | Reached skill level 1 in Conjurations
 13892 | D:10     | Found a hide-covered altar of Uskayaw.
 13986 | Lair:1   | Entered Level 1 of the Lair of Beasts
 14641 | Lair:1   | Reached XP level 12. HP: 100/100 MP: 19/24
 16016 | D:11     | Slain by a vampire

Illustrated notes

Levels and vault maps discovered:
D:1:      dpeg_arrival_rooms_c, layout_basic, hellmonk_ecumenical_altar_blasted,
          serial_shops, shop
D:2:      layout_basic, uniq_terence
D:3:      layout_basic, lemuel_round_altar, serial_shops, shop, serial_rivers,
          chequers_serial_rivers_room_a, chequers_serial_rivers_micro_a,
          chequers_serial_rivers_small_b, chequers_serial_rivers_micro_a,
          chequers_serial_rivers_micro_b
D:4:      layout_cave_pools, elyvilon_altar_4, nicolae_overflow_hidden_temple,
          serial_shops, nicolae_shop_statue_plus
D:5:      layout_basic, temple_fountains, portal_sewer_entry_f
D:6:      layout_basic, nicolae_gozag_seed_capital, uniq_eustachio,
          uniq_grinder, uniq_sigmund, uniq_menkaure, uniq_maggie
D:7:      minmay_the_grid_octo_tiled_octocenter [minmay_the_grid_octo_clover,
          minmay_the_grid_octo_clover_2, minmay_the_grid_octo_vomiting_pacman,
          minmay_the_grid_octo_shrine,
          minmay_the_grid_octo_prize_square_snowflake,
          minmay_the_grid_square_5x5_broken_cross,
          minmay_the_grid_square_5x5_half_checkered,
          minmay_the_grid_square_5x5_empty,
          minmay_the_grid_square_5x5_two_small], layout_loops_ring,
          nicolae_ru_the_path_less_chosen, fiery_altar_vehumet,
          nicolae_qazlal_scattered_showers, general_overflow_altar,
          small_statue_alley_b
D:8:      layout_rooms, nemelex_spade_bored_becter, slow_altar_1,
          david_lair_generic, enter_bailey_3, uniq_amaemon
D:9:      layout_basic, hiddenorc1_lemuel, nicolae_inconvenience_store
D:10:     layout_irregular_city, kennysheep_mini_moat, old_standard_altar
D:11:     layout_irregular_city, nicolae_shop_fire_sale
          [nicolae_sub_dead_trees], minmay_misc_feat_rugged,
          hangedman_decor_points
Temple:   hellmonk_temple_rainy
Lair:1:   layout_cave_pods

Skill      XL: |  1  2  3  4  5  6  7  8  9 10 11 12 |
---------------+-------------------------------------+-----
Dodging        | 2 3 4 5 6 8 |  8.3
Fighting       | 2 3 4 5 6 7 |  7.0
Transmutations | 3 4 5 6 7 8 9 |  9.1
Unarmed Combat | 4 5 6 7 8 9 |  9.4
Spellcasting   | 3 4 5 6 7 8 |  8.4
Evocations     | 2 3 4 |  4.6
Fire Magic     | 3 4 |  4.7
Ranged Weapons | 2 |  2.8
Conjurations   | 2 3 |  3.4

Action                     |  1- 3 |  4- 6 |  7- 9 | 10-12 || total
---------------------------+-------+-------+-------+-------++-------
  Melee: Unarmed           |    97 |    34 |   399 |   617 ||  1147
         Kick              |    20 |    11 |     2 |    12 ||    45
         Headbutt          |    13 |    15 |     1 |     7 ||    36
         Punch             |     1 |     7 |     1 |     4 ||    13
         Tailslap          |     7 |    29 |     8 |    16 ||    60
         Spear             |       |   143 |       |       ||   143
         Long sword        |       |       |       |    69 ||    69
   Fire: Sling             |       |       |       |    48 ||    48
   Cast: Beastly Appendage |    80 |    20 |     5 |     3 ||   108
         Spider Form       |       |     3 |    42 |    24 ||    69
         Ice Form          |       |       |       |    47 ||    47
         Ignite Poison     |       |       |       |     1 ||     1
Ability: Breathe Acid      |       |       |     2 |     2 ||     4
         End Transformatio |       |       |       |     3 ||     3
    Use: Scroll            |       |     7 |     4 |     2 ||    13
         Potion            |       |     1 |     7 |    10 ||    18
   Stab: Sleeping          |     1 |     1 |       |     2 ||     4
 Armour: Skin              |    48 |    42 |    25 |   139 ||   254
  Dodge: Dodged            |    86 |   214 |   469 |   817 ||  1586
